 Dungeon Crawl Stone Soup version 0.24.0-2-g5b39cebb1c (webtiles) character file.

Game seed: 4457594512550546057, levelgen mode: deterministic

430 Aelig the Spear-Bearer (level 6, -12/46 HPs)
             Began as a Merfolk Gladiator on Oct 30, 2019.
             Killed by divine providence
             ... invoked by an orc priest
              (13 damage)
             ... on level 4 of the Dungeon.
             The game lasted 00:08:23 (2886 turns).

Aelig the Spear-Bearer (Merfolk Gladiator)          Turns: 2886, Time: 00:08:25

Health: -12/46     AC:  8    Str: 19    XL:     6   Next: 99%
Magic:  15/15      EV: 13    Int: 12    God:
Gold:   124        SH:  0    Dex: 16    Spells: 5/5 levels left

rFire    . . .     SeeInvis .   l - +2 halberd (flame)
rCold    . . .     Gourm    .   (shield currently unavailable)
rNeg     . . .     Faith    .   o - +0 ring mail
rPois    .         Spirit   .   c - +1 helmet
rElec    .         Reflect  .   k - +0 cloak
rCorr    .         Harm     .   (no gloves)
MR       .....                  (no boots)
Stlth    +.........             (no amulet)
HPRegen  0.15/turn              e - ring of magical power
MPRegen  0.14/turn              u - -2 ring of dexterity

@: mighty, brilliant, hasted, very quick
A: change form in water, swift swim, stealthy swim
a: no special abilities


You were on level 4 of the Dungeon.
You were not hungry.

You visited 1 branch of the dungeon, and saw 4 of its levels.

You collected 124 gold pieces.

Inventory:

Hand Weapons
 l - a +2 halberd of flaming (weapon)
Missiles
 d - 3 throwing nets (quivered)
 q - 59 stones
Armour
 c - a +1 helmet (worn)
 i - a +1 cloak
 k - a +0 cloak (worn)
 o - a +0 ring mail (worn)
Jewellery
 e - a ring of magical power (left hand)
 j - an uncursed ring of poison resistance
 u - a -2 ring of dexterity (right hand)
Scrolls
 b - 2 scrolls of immolation
Potions
 g - a potion of curing
Comestibles
 f - 10 rations
 h - 12 chunks of flesh


   Skills:
 + Level 2.8 Fighting
 + Level 10.5 Polearms
 - Level 2.0 Throwing
 - Level 4.0 Dodging


You had 5 spell levels left.
You didn't know any spells.
Your spell library was empty.

Dungeon Overview and Level Annotations

Branches:
Dungeon (4/15)
 Temple: D:4-7

Altars:
Ashenzari

Annotations:
D:4 Blork the orc, Dowan, Duvessa


Message History

The jackal bites you but does no damage.
You feel very mighty all of a sudden. Duvessa hits you with a +0 rapier!
The jackal closely misses you. Dowan hits you but does no damage.
You are electrocuted!
* * * LOW HITPOINT WARNING * * *
It was a potion of brilliance.
You feel clever all of a sudden. The jackal barely misses you.
The orc wizard gestures wildly while chanting.
The orc wizard flickers and vanishes!
Deactivating autopickup; reactivate with Ctrl-A.
Duvessa closely misses you. Dowan hits you but does no damage.
The jackal misses you.
It was a potion of haste.
You feel yourself speed up. Duvessa misses you.
The jackal bites you but does no damage.
Dowan hits you but does no damage.
You are electrocuted!
* * * LOW HITPOINT WARNING * * *
The orc priest invokes the aid of Beogh against you.
Beogh smites you!
You die...

#############).##
.... # ##..#
..... #
##.##....(. #
###......... #
#....#...... .
#.#..# ..... ..
...##.# ..... .#.
..## #e#{o.... ..
#@eo..... #
##h...... .##...[
.# ### .# .# .# .
.. #


You could see Duvessa, Blork the orc, Dowan, an orc priest and a jackal.

Vanquished Creatures
  A scorpion (D:4)
  A jelly (D:2)
  3 orc priests (D:3)
  Natasha (twice) (D:3)
  3 adders (D:2)
  7 gnolls (D:3)
  An ooze (D:4)
  2 worms
  3 dart slugs
  4 leopard geckos
  19 orcs
  7 bats
  3 giant cockroaches (D:1)
  6 goblins
  11 hobgoblins
  7 kobolds
  2 ball pythons (D:2)
  2 frilled lizards
  9 rats
93 creatures vanquished.

Notes
Turn   | Place    | Note
-------+----------+-------------------------------------------
     0 | D:1      | Aelig the Merfolk Gladiator began the quest for the Orb.
     0 | D:1      | Reached XP level 1. HP: 16/16 MP: 1/1
   119 | D:1      | Reached skill level 5 in Polearms
   158 | D:1      | Reached XP level 2. HP: 19/22 MP: 2/2
   476 | D:1      | Reached skill level 6 in Polearms
   476 | D:1      | Reached XP level 3. HP: 23/27 MP: 3/3
  1107 | D:2      | Reached skill level 7 in Polearms
  1107 | D:2      | Reached XP level 4. HP: 23/33 MP: 4/4
  1783 | D:3      | Found a shattered altar of Ashenzari.
  1811 | D:3      | Reached skill level 8 in Polearms
  1811 | D:3      | Reached XP level 5. HP: 27/38 MP: 5/5
  1984 | D:3      | Reached skill level 9 in Polearms
  2273 | D:3      | Reached XP level 6. HP: 44/44 MP: 6/6
  2585 | D:3      | Noticed Natasha
  2591 | D:3      | Killed Natasha
  2591 | D:3      | Reached skill level 10 in Polearms
  2608 | D:3      | Noticed Natasha
  2612 | D:3      | Killed Natasha
  2873 | D:4      | Noticed Dowan
  2874 | D:4      | Noticed Duvessa
  2874 | D:4      | Noticed Blork the orc
  2886 | D:4      | HP: 1/46 [Dowan/+1 dagger of electrocution (8)]
  2886 | D:4      | Killed from afar by an orc priest

Levels and vault maps discovered:
D:1:      minmay_arrival_four_houses, layout_loops_ring
D:2:      layout_loops_ring, grunt_ministairs_11, minmay_misc_feat_x
D:3:      layout_basic, lemuel_crystal_altar, uniq_natasha
D:4:      layout_rooms, okawaru_ov_weapons_minmay, uniq_duvessa, uniq_grinder,
          uniq_blork_the_orc

Skill      XL: |  1  2  3  4  5  6 |
---------------+-------------------+-----
Polearms       | 5 6 7 8 9 10 | 10.5
Fighting       | |  2.8
Throwing       | |  2.0
Dodging        | |  4.0

Action                   |  1- 3 |  4- 6 || total
-------------------------+-------+-------++-------
Melee: Trident           |   101 |   149 ||   250
       Halberd           |       |    50 ||    50
  Use: Scroll            |       |     9 ||     9
       Potion            |       |     3 ||     3
  Eat: Chunk             |     1 |     6 ||     7
Armor: Leather armour    |     4 |       ||     4
       Ring mail         |    13 |    61 ||    74
Dodge: Dodged            |    45 |   121 ||   166
